 Dungeon Crawl Stone Soup version 0.22-a0-355-g201945f (webtiles) character file.

1537 galech the Ruffian (level 8, -2/83 HPs)
             Began as a Troll Monk on Apr 17, 2018.
             Slain by Totori's ghost (3 damage)
             ... on level 6 of the Dungeon.
             The game lasted 00:07:49 (5551 turns).

galech the Ruffian (Troll Monk)                     Turns: 5551, Time: 00:07:50

Health: -2/83      AC:  5    Str: 22    XL:     8   Next: 56%
Magic:  7/7        EV: 15    Int:  6    God:
Gold:   314        SH:  0    Dex: 12    Spells: 7/7 levels left

rFire    . . .     SeeInvis .     - Unarmed
rCold    . . .     Gourm    +   (no shield)
rNeg     + . .     Faith    .   a - +0 robe
rPois    .         Spirit   .   (helmet restricted)
rElec    .         Reflect  .   (no cloak)
rCorr    .         Harm     .   (gloves unavailable)
MR       .....                  (boots unavailable)
Stlth    ++........             (no amulet)
HPRegen  0.63/turn              k - ring of positive energy
MPRegen  0.10/turn              w - +3 ring of evasion

@: no status effects
A: large, unfitting armour, claws 3, fast metabolism 3, gourmand, regeneration
1, shaggy fur 1, tough skin 2
a: no special abilities


You were on level 6 of the Dungeon.
You were very full.

You visited 1 branch of the dungeon, and saw 6 of its levels.
You also visited: Sewer.

You collected 314 gold pieces.

Inventory:

Armour
 a - a +0 robe (worn)
Jewellery
 k - a ring of positive energy (left claw)
 w - a +3 ring of evasion (right claw)
 y - a cursed -3 ring of dexterity {unknown}
 A - a cursed ring of flight {unknown}
Wands
 v - a wand of iceblast (8)
 x - a wand of random effects (21)
Scrolls
 d - a scroll of silence {unknown}
 g - 3 scrolls of amnesia {unknown}
 h - 5 scrolls of remove curse {unknown}
 l - a scroll of enchant weapon {unknown}
 m - a scroll of magic mapping {unknown}
 p - 5 scrolls of identify {unknown}
 q - a scroll of teleportation {unknown}
 s - 3 scrolls of fear {unknown}
 u - 2 scrolls of immolation {unknown}
 z - 3 scrolls of fog {unknown}
 C - a scroll of blinking {unknown}
Potions
 c - 2 potions of flight {unknown}
 e - a potion of haste {unknown}
 f - a potion of mutation {unknown}
 i - 2 potions of might {unknown}
 j - 6 potions of curing
 n - a potion of resistance {unknown}
 o - a potion of cancellation {unknown}
 r - a potion of lignification {unknown}
 t - a potion of heal wounds {unknown}
 D - a potion of brilliance {unknown}
Comestibles
 b - 11 rations


   Skills:
 + Level 5.7 Fighting
 + Level 5.7 Dodging
 - Level 1.0 Stealth
 + Level 6.9 Unarmed Combat


You had 7 spell levels left.
You didn't know any spells.

Dungeon Overview and Level Annotations

Branches:
Dungeon (6/15)
 Temple: D:4-7

Altars:
Gozag
Sif Muna
Vehumet
Wu Jian
Yredelemnul

Annotations:
D:6 Totori's ghost, novice DsWn


Innate Abilities, Weirdness & Mutations

You are too large for most types of armour.
You have claws for hands.
Your metabolism is lightning-fast.
You like to eat raw meat.
Your natural rate of healing is unusually fast.
You are covered in fur. (AC +1)
You have very tough skin. (AC +2)


Message History

Totori's ghost completely misses you.
You completely miss Totori's ghost. Your claw misses Totori's ghost.
Totori's ghost is heavily damaged.
Totori's ghost misses you.
You barely miss Totori's ghost.
Totori's ghost is heavily damaged.
Totori's ghost hits you!
You claw Totori's ghost!
Totori's ghost is severely damaged.
You scratch Totori's ghost.
Totori's ghost is severely damaged.
Totori's ghost hits you!
* * * LOW HITPOINT WARNING * * *
x2 You scratch Totori's ghost.
Totori's ghost is almost destroyed.
Totori's ghost hits you!
* * * LOW HITPOINT WARNING * * *
x2 Totori's ghost hits you!
* * * LOW HITPOINT WARNING * * *
You die...

#≈≈...# #.# #.#..## #≈≈≈..#
#########.# #.#.... #≈≈≈..#
#.........#######......
#≈≈≈≈.#
#.#####.............###
#.≈≈≈.###.#...#.....#########
######......#......##
####..###....## #...#....##
#.#...@W.# #........#
##########


You could see Totori's ghost.

Vanquished Creatures
  A hornet (D:6)
  Eustachio (D:4)
  2 big kobolds (D:4)
  Blork the orc (D:4)
  A howler monkey (D:4)
  A crimson imp (D:5)
  A centaur zombie (D:5)
  6 hounds
  A centaur skeleton (D:4)
  3 orc wizards (D:5)
  4 worker ants
  2 iguanas (D:5)
  A hound zombie (D:5)
  A hound skeleton (D:6)
  A howler monkey zombie (D:6)
  16 gnolls
  5 river rats
  5 adders
  An adder skeleton (D:5)
  2 worms
  A dart slug (D:3)
  2 leopard geckos (D:3)
  5 orcs
  11 giant cockroaches
  34 goblins
  24 hobgoblins
  12 jackals
  5 kobolds
  A quokka (D:5)
  5 ball pythons
  10 bats
  11 frilled lizards
  7 rats
184 creatures vanquished.

Notes
Turn   | Place    | Note
-------+----------+-------------------------------------------
     0 | D:1      | galech the Troll Monk began the quest for the Orb.
     0 | D:1      | Reached XP level 1. HP: 22/22 MP: 0/0
   210 | D:1      | Reached XP level 2. HP: 29/29 MP: 1/1
   735 | D:2      | Reached XP level 3. HP: 36/36 MP: 2/2
  1389 | D:3      | Reached XP level 4. HP: 45/45 MP: 3/3
  1501 | D:3      | Found a deep blue altar of Sif Muna.
  1542 | D:3      | Reached skill level 4 in Unarmed Combat
  1635 | D:3      | Found a basalt altar of Yredelemnul.
  1861 | D:3      | Found an opulent altar of Gozag.
  2353 | D:3      | Reached XP level 5. HP: 51/53 MP: 4/4
  2452 | D:4      | Noticed Blork the orc
  2462 | D:4      | Killed Blork the orc
  2659 | D:4      | Reached XP level 6. HP: 62/62 MP: 5/5
  2767 | D:4      | Noticed Eustachio
  2797 | D:4      | Killed Eustachio
  2797 | D:4      | Reached skill level 5 in Unarmed Combat
  2976 | D:4      | Reached XP level 7. HP: 53/70 MP: 6/6
  4024 | D:5      | Entered Level 5 of the Dungeon
  4192 | D:5      | Reached skill level 5 in Fighting
  4192 | D:5      | Reached skill level 6 in Unarmed Combat
  4195 | D:5      | Reached skill level 5 in Dodging
  4201 | D:5      | Reached XP level 8. HP: 78/80 MP: 7/7
  4217 | D:5      | Found Keutys's Magic Scroll Shoppe.
  5003 | D:6      | Found a glowing drain.
  5029 | Sewer    | Entered a sewer
  5419 | D:6      | Found an ornate altar of the Wu Jian Council.
  5433 | D:6      | Found a radiant altar of Vehumet.
  5460 | D:6      | Noticed a hornet
  5460 | D:6      | Noticed Totori's ghost (novice DsWn)
  5473 | D:6      | Killed a hornet
  5551 | D:6      | HP: 1/83 [Totori's ghost (11)]
  5551 | D:6      | Slain by Totori's ghost

Vault maps used:
D:1:      evilmike_arrival_run_for_it, minmay_pentomino_w4
D:3:      lemuel_round_altar, nicolae_overflow_hidden_temple
D:4:      minmay_goblin_kobold_castle, item_on_display_b, uniq_eustachio,
          uniq_blork_the_orc
D:5:      serial_shops, shop, first_ration, minmay_holes
D:6:      grunt_temple_overflow_open, portal_sewer_entry_b
Sewer:    sewer_co_cracked_pipes

Skill      XL: |  1  2  3  4  5  6  7 |
---------------+----------------------+-----
Fighting       | 3 4 5 |  5.7
Dodging        | 3 4 5 |  5.7
Unarmed Combat | 4 5 6 |  6.9
Stealth        | |  1.0

Action                   |  1- 3 |  4- 6 |  7- 9 || total
-------------------------+-------+-------+-------++-------
Melee: Unarmed           |    97 |   132 |   306 ||   535
       Punch             |     4 |     1 |     7 ||    12
 Stab: Sleeping          |     5 |     1 |     5 ||    11
  Eat: Chunk             |    18 |    15 |    23 ||    56
Armor: Robe              |    32 |    47 |    81 ||   160
Dodge: Dodged            |    58 |   102 |   242 ||   402

Table legend:
 A = Spawn XP
 B = Non-spawn XP
 C = Spawn XP percentage of total XP
 D = Spawn monster count
 E = Non-spawn monster count
 F = Spawn count percentage of total count
 G = Total turns spent on level
                    A         B        C        D         E        F      G
               +---------+---------+-------+---------+---------+-------+---------
         Total |       0 |    2197 |   0.0 |       0 |     184 |   0.0 |  5551
               +---------+---------+-------+---------+---------+-------+---------
           D:1 |       0 |      36 |   0.0 |       0 |      19 |   0.0 |   665
           D:2 |       0 |      36 |   0.0 |       0 |      20 |   0.0 |   679
           D:3 |       0 |     124 |   0.0 |       0 |      26 |   0.0 |  1092
           D:4 |       0 |    1060 |   0.0 |       0 |      73 |   0.0 |  1588
           D:5 |       0 |     483 |   0.0 |       0 |      20 |   0.0 |   933
           D:6 |       0 |     366 |   0.0 |       0 |       9 |   0.0 |   233
         Sewer |       0 |      92 |   0.0 |       0 |      17 |   0.0 |   361
               +---------+---------+-------+---------+---------+-------+---------
